Map: Kairos Junction LE

Players

Maru

  • Race: Terran Terran
  • Spawn Location: 11:00

Neeb - Winner!

  • Race: Protoss Protoss
  • Spawn Location: 5:00

Event: IEM Season 13: Katowice (2019)

VOD

Have the link to the VOD?

Description

Time

  • Played on: Feb. 28, 2019, 12:31 p.m.
  • Length: 14:26

All games in this series

Show
View Real Time Build Order
Export as new Build Order

Maru Terran 

Build Orders: Cyclone Opening 

Get SALT Encoding   

  12  0:00  SCV  
  13  0:12  SCV  
  14  0:17  Supply Depot  
  14  0:24  SCV  
  15  0:39  Barracks, SCV  
  16  0:47  Refinery  
  16  0:52  SCV  
  16  0:55  Refinery  
  17  1:04  SCV  
  18  1:16  SCV  
  19  1:26  Reaper  
  19  1:28  Orbital Command  
  20  1:39  Supply Depot  
  20  1:52  Factory  
  21  1:54  SCV  
  21  1:59  Bunker, Marine  
  22  2:06  SCV  
  23  2:17  Marine  
  23  2:18  SCV  
  25  2:30  SCV  
  25  2:35  Marine  
  25  2:36  Factory Tech Lab  
  27  2:42  SCV  
  27  2:54  SCV  
  27  2:57  Cyclone, Marine  
  31  3:04  Supply Depot  
  31  3:17  SCV  
  31  3:21  Command Center  
  31  3:29  SCV  
  35  3:34  Cyclone  
  34  3:41  SCV  
  34  3:50  Starport  
  34  3:54  SCV  
  32  4:06  SCV  
  32  4:07  Barracks  
  32  4:09  Siege Tank  
  36  4:18  SCV  
  37  4:30  SCV  
  38  4:39  Barracks, Viking  
  38  4:41  Siege Tank  
  38  4:43  SCV  
  44  4:49  Barracks  
  44  4:55  Orbital Command, SCV  
  44  4:59  Barracks Reactor  
  45  5:07  SCV  
  45  5:10  Engineering Bay  
  45  5:13  Supply Depot  
  46  5:19  SCV  
  48  5:21  SCV  
  48  5:31  SCV  
  48  5:33  SCV  
  50  5:37  Starport Reactor, Factory Reactor  
  50  5:38  Barracks Tech Lab, Terran Infantry Weapons Level 1  
  50  5:40  Stimpack  
  50  5:43  Refinery, SCV  
  50  5:45  SCV  
  50  5:47  Marine x3  
  55  5:52  Supply Depot  
  55  5:55  SCV  
  55  5:57  SCV, Marine  
  58  6:06  Marauder, Combat Shield  
  58  6:09  Marine x2  
  62  6:14  Supply Depot  
  62  6:15  Marauder, SCV  
  62  6:16  SCV  
  66  6:21  Widow Mine x2  
  66  6:24  Supply Depot  
  70  6:33  Supply Depot  
  70  6:35  Medivac, Marine x2  
  70  6:36  Marauder  
  70  6:38  Medivac  
  78  6:46  Widow Mine x2  
  81  6:47  Supply Depot  
  81  6:54  Marauder, Marine x2  
  87  7:01  Marauder  
  87  7:03  SCV x2  
  87  7:07  Refinery, Medivac  
  91  7:09  Medivac  
  91  7:10  Supply Depot  
  91  7:13  Marine  
  91  7:14  Marine  
  95  7:15  SCV  
  95  7:16  SCV  
  95  7:19  Widow Mine x2  
  101  7:26  Concussive Shells  
  97  7:32  Marine x4  
  95  7:39  SCV x2  
  95  7:41  Medivac  
  88  7:50  Marauder x2  
  90  7:51  SCV x2  
  85  7:59  Widow Mine x2, Marine x2  
  82  8:09  SCV x2  
  82  8:12  Marauder  
  71  8:29  SCV x2  
  67  8:42  SCV x2  
  69  8:54  SCV x2  
  71  8:57  Medivac  
  71  8:58  Marine  
  74  9:06  Marauder x2, SCV x2  
  76  9:17  Medivac  
  76  9:18  SCV x2  
  76  9:22  Widow Mine  
  79  9:29  Marauder x2, Marine  
  79  9:30  SCV x2  
  86  9:33  Medivac  
  86  9:38  Supply Depot  
  88  9:42  SCV x2  
  88  9:45  Widow Mine x2, Marine  
  93  9:53  Supply Depot  
  93  9:54  SCV  
  93  9:59  Marauder x2, SCV, Medivac  
  101  10:05  Medivac  
  101  10:06  SCV, Marine  
  102  10:15  Widow Mine x2, SCV, Marine  
  102  10:16  Supply Depot  
  102  10:21  Marauder x2  
  110  10:29  Marine  
  110  10:35  Medivac x2  
  101  10:41  Widow Mine  
  101  10:42  Marauder, Widow Mine  
  93  10:49  Liberator  
  89  10:50  Command Center, Terran Infantry Armor Level 1  
  89  10:54  Marine  
  89  10:55  Marauder  
  92  11:00  SCV  
  92  11:02  Widow Mine  
  92  11:04  Widow Mine  
  100  11:13  Liberator  
  100  11:14  Marauder  
  100  11:17  Barracks x2  
  101  11:22  SCV  
  101  11:24  Widow Mine  
  101  11:25  Widow Mine  
  104  11:34  Marauder, Marine  
  104  11:35  Marauder  
  104  11:38  Marine  
  104  11:45  Widow Mine  
  104  11:46  Widow Mine  
  108  11:52  Ghost Academy  
  108  11:56  Marauder  
  108  11:59  Marine x2  
  108  12:00  Marauder  
  117  12:02  Orbital Command  
  117  12:06  Marine x2  
  119  12:17  Marine  
  125  12:24  Ghost  
  125  12:25  Barracks Tech Lab x2, Ghost  
  125  12:28  Marine  
  125  12:29  Widow Mine x2  
  126  12:35  Marine  
  127  12:43  Ghost x2  
  129  12:46  Marine  
  129  12:48  Orbital Command  
  129  12:50  Widow Mine  
  129  12:51  Widow Mine  
  136  12:53  Marine  
  137  12:59  Ghost  
  136  13:12  Widow Mine x2  
  105  13:29  Marine  
  105  13:33  Widow Mine x2  
  85  13:45  Marine  
  86  13:55  Widow Mine x2  
  79  13:56  Marine  
  79  13:57  Marauder  
  79  14:07  Marine  
Show
View Real Time Build Order
Export as new Build Order

Neeb Protoss - Winner!

Build Orders: 1 Gate Expand 

Get SALT Encoding   

  12  0:00  Probe  
  13  0:12  Probe  
  14  0:17  Pylon  
  14  0:24  Probe  
  15  0:32  Probe  
  15  0:39  Gateway  
  15  0:40  Probe  
  16  0:46  Assimilator  
  17  0:51  Probe  
  18  1:03  Probe  
  19  1:15  Probe  
  20  1:28  Cybernetics Core  
  20  1:34  Nexus  
  20  1:38  Probe  
  21  1:42  Pylon  
  21  1:50  Probe  
  21  1:52  Assimilator  
  22  1:54  Stalker  
  22  2:02  Probe  
  25  2:14  Probe  
  25  2:15  Stalker  
  25  2:20  Shield Battery  
  27  2:31  Probe  
  28  2:38  Shield Battery  
  28  2:41  Stalker  
  28  2:49  Probe  
  31  2:58  Pylon  
  31  3:00  Warp Gate  
  31  3:02  Probe  
  32  3:07  Shield Battery  
  32  3:08  Stalker  
  32  3:19  Probe  
  35  3:31  Probe  
  35  3:34  Shield Battery  
  36  3:35  Probe  
  36  3:42  Stalker  
  36  3:44  Probe  
  37  3:49  Probe  
  37  3:55  Stargate  
  38  3:56  Probe  
  38  4:01  Probe  
  40  4:06  Pylon  
  40  4:07  Probe  
  41  4:13  Probe  
  41  4:15  Probe  
  41  4:16  Stalker  
  44  4:24  Probe  
  45  4:25  Probe  
  45  4:28  Pylon, Oracle  
  47  4:34  Probe  
  47  4:37  Probe  
  52  4:42  Twilight Council  
  52  4:46  Gateway  
  52  4:47  Probe  
  52  4:50  Gateway  
  52  4:52  Probe  
  54  4:56  Assimilator  
  54  4:58  Stalker  
  54  4:59  Oracle  
  56  5:02  Assimilator  
  56  5:07  Shield Battery, Blink  
  59  5:14  Pylon  
  59  5:18  Probe x2  
  61  5:30  Probe  
  61  5:32  Probe  
  60  5:42  Nexus  
  60  5:43  Nexus  
  60  5:48  Sentry  
  62  5:51  Stalker  
  62  5:55  Gateway  
  62  5:56  Gateway  
  64  6:01  Stalker  
  64  6:02  Probe  
  67  6:05  Probe  
  67  6:07  Pylon  
  68  6:11  Stalker  
  68  6:17  Pylon  
  70  6:25  Probe x2, Stalker x2  
  74  6:30  Shield Battery  
  74  6:32  Pylon  
  76  6:37  Probe, Stalker  
  79  6:40  Probe  
  79  6:43  Charge  
  80  6:49  Stalker x2  
  80  6:52  Probe  
  80  6:53  Probe  
  87  7:03  Forge  
  87  7:05  Forge  
  87  7:08  Zealot x2  
  88  7:11  Zealot  
  92  7:18  Zealot x2  
  97  7:22  Probe  
  97  7:23  Probe  
  96  7:31  Probe  
  96  7:32  Zealot x3  
  96  7:36  Protoss Ground Armor Level 1, Protoss Ground Weapons Level 1  
  103  7:41  Probe  
  103  7:43  Zealot x2  
  96  7:59  Stalker x3  
  96  8:00  Probe x2  
  102  8:09  Pylon  
  102  8:12  Pylon x2  
  102  8:14  Pylon x2  
  86  8:34  Probe  
  86  8:35  Stalker x5  
  95  8:42  Gateway  
  92  8:50  Gateway  
  92  8:54  Nexus  
  92  8:59  Sentry x2  
  92  9:00  Sentry, Stalker  
  100  9:05  Stalker  
  100  9:08  Protoss Ground Armor Level 2  
  102  9:22  Probe  
  103  9:28  Zealot x4  
  109  9:31  Templar Archives  
  109  9:41  Zealot x2  
  113  9:51  Protoss Ground Weapons Level 2  
  113  9:59  Zealot x3  
  119  10:05  Zealot  
  119  10:06  Zealot x2  
  125  10:08  Zealot  
  125  10:22  High Templar x3  
  129  10:34  High Templar x3  
  129  10:35  Zealot  
  125  10:38  Archon x2  
  89  10:51  Archon  
  83  10:57  Stalker  
  83  10:58  Stalker x3  
  83  10:59  Probe x2  
  83  11:03  Nexus  
  89  11:05  Gateway, Probe  
  89  11:06  Stalker  
  89  11:07  Stalker x2  
  89  11:08  Gateway  
  94  11:21  Stalker x3  
  99  11:28  Zealot  
  99  11:31  Pylon  
  101  11:35  Stalker x2  
  101  11:39  Zealot  
  107  11:41  Oracle  
  107  11:45  Stalker x3  
  114  11:48  Probe x2  
  116  11:55  Sentry  
  116  12:00  Sentry, Zealot  
  116  12:01  Zealot x2  
  126  12:04  Zealot  
  128  12:13  Zealot x3  
  134  12:17  Pylon  
  134  12:26  Zealot x4  
  134  12:29  Zealot  
  144  12:34  Pylon  
  142  12:44  Zealot x4  
  150  12:53  Zealot  
  150  12:54  Zealot x4  
  130  13:16  Stalker x9  
  116  13:40  Zealot x9  
  108  14:00  Stalker x4  
  108  14:01  Zealot x5  
  97  14:21  Zealot x2  
  97  14:22  Zealot x3  
  97  14:24  Zealot x4  

Tags
 
Add a new tag
Caveats
  • Supply blocks, unpowered buildings, or Contaminate may cause inaccurate times.
  • Supply counts are checked every 10 seconds.